[Event "Faroese-ch Open 2025"]
[Site "Torshavn"]
[Date "2025.04.18"]
[Round "7.1"]
[White "Al-Jay, Zaid"]
[Black "Kosini, Bogi a"]
[Result "1-0"]
[Annotator "NA"]
[ECO "C45"]
[WhiteElo "1689"]
[BlackElo "1654"]
[PlyCount "101"]
[EventDate "2025.04.11"]
[EventType "swiss"]
[EventCountry "FAI"]
[SourceTitle "playchess.com"]
[Source "ChessBase"]
[SourceQuality "1"]
[TimeControl "40/5400+30:900+30"]

1. e4 e5 2. Nf3 Nc6 3. d4 exd4 4. Nxd4 Bc5 5. Nb3 Bb6 6. Nc3 d6 7. Qe2 Nf6 8. Be3 Bxe3 9. Qxe3 O-O 10. O-O-O Re8 11. f3 Be6 12. g4 Qe7 13. g5 Nd7 14. Be2 f5 15. gxf6 Qxf6 16. Rhg1 Nde5 17. Rg3 Rf8 18. Rdg1 g6 19. Kb1 Qf4 20. Qf2 Ng4 21. Qg2 Nge5 22. h4 Kf7 23. h5 Rg8 24. Qh2 g5 25. h6 Qh4 26. Qg2 Qxh6 27. f4 Nd7 28. f5 Bxb3 29. axb3 Nce5 30. Nb5 Rac8 31. Nd4 Nf8 32. Nf3 Nxf3 33. Bc4+ Ke7 34. Qxf3 Rg7 35. e5 dxe5 36. Qxb7 Rd8 37. Qxc7+ Nd7 38. Re3 Qf6 39. Rge1 Kf8 40. Qxa7 Nb6 41. Qa3+ Re7 42. Rxe5 Rd1+ 43. Rxd1 Qxe5 44. Rd8+ Kg7 45. Be6 Qc7 46. Rg8+ Kf6 47. Qb4 Nd7 48. Rxg5 Nc5 49. Qh4 Nxe6 50. Qh6+ Kf7 51. fxe6+ 1-0

[Event "Faroese-ch Open 2025"]
[Site "Torshavn"]
[Date "2025.04.18"]
[Round "7.2"]
[White "Anthoniussen, Mannbjorn"]
[Black "Logv, Hanus a"]
[Result "0-1"]
[Annotator "NA"]
[ECO "C78"]
[WhiteElo "1689"]
[BlackElo "1656"]
[PlyCount "34"]
[EventDate "2025.04.11"]
[EventType "swiss"]
[EventCountry "FAI"]
[SourceTitle "playchess.com"]
[Source "ChessBase"]
[SourceQuality "1"]
[TimeControl "40/5400+30:900+30"]

1. e4 e5 2. Nf3 Nc6 3. Bb5 a6 4. Ba4 Nf6 5. O-O Bc5 6. c3 b5 7. Bb3 d6 8. d4 exd4 9. cxd4 Bb6 10. Re1 O-O 11. Bg5 Re8 12. Bd5 Bb7 13. e5 dxe5 14. dxe5 Qxd5 15. exf6 Rxe1+ 16. Qxe1 Nd4 17. Qd1 Nxf3+ 0-1

[Event "Faroese-ch Open 2025"]
[Site "Torshavn"]
[Date "2025.04.18"]
[Round "7.3"]
[White "Xin, Lisa J."]
[Black "Staksberg, Luca Eydun"]
[Result "1-0"]
[Annotator "NA"]
[ECO "D04"]
[WhiteElo "1562"]
[BlackElo "1692"]
[PlyCount "119"]
[EventDate "2025.04.11"]
[EventType "swiss"]
[EventCountry "FAI"]
[SourceTitle "playchess.com"]
[Source "ChessBase"]
[SourceQuality "1"]
[TimeControl "40/5400+30:900+30"]

1. d4 d5 2. Nf3 Nf6 3. e3 Bf5 4. Bd3 Bg6 5. Ne5 e6 6. Nxg6 hxg6 7. Nd2 c5 8. b3 Qc7 9. h3 cxd4 10. exd4 Nc6 11. Bb2 a6 12. a3 Bd6 13. Qe2 Nh5 14. O-O-O Nf4 15. Qf3 Nxd3+ 16. Qxd3 O-O-O 17. Kb1 Kb8 18. Nf3 Rc8 19. c4 Be7 20. cxd5 exd5 21. Ne5 Rhf8 22. Rhe1 Bf6 23. Rc1 Qd6 24. Qf3 Bxe5 25. dxe5 Qe6 26. Rcd1 Rcd8 27. Qg4 Rfe8 28. Qxe6 Rxe6 29. f4 Ne7 30. g4 Rh8 31. Re3 Rc6 32. Rdd3 Rhc8 33. Rc3 Rxc3 34. Rxc3 Rh8 35. a4 Nc6 36. Ba3 d4 37. Rd3 Kc7 38. Bc5 b6 39. Bxd4 Nxd4 40. Rxd4 Rxh3 41. Kc2 Rg3 42. g5 Rf3 43. b4 Ra3 44. b5 axb5 45. axb5 Ra5 46. Rb4 Kd7 47. Kd3 Ke7 48. Ke3 Ke6 49. Kd4 f6 50. exf6 gxf6 51. gxf6 Kxf6 52. Kd5 Kf5 53. Kc6 Ra1 54. Kxb6 Rh1 55. Kc6 Rh6 56. Kb7 Rh1 57. b6 Rc1 58. Kb8 Ke6 59. b7 Kd7 60. Rb6 1-0

[Event "Faroese-ch Open 2025"]
[Site "Torshavn"]
[Date "2025.04.18"]
[Round "7.4"]
[White "Joensen, Sigurd"]
[Black "Morkore, Mortan"]
[Result "1/2-1/2"]
[Annotator "NA"]
[ECO "C48"]
[WhiteElo "1619"]
[BlackElo "1681"]
[PlyCount "125"]
[EventDate "2025.04.11"]
[EventType "swiss"]
[EventCountry "FAI"]
[SourceTitle "playchess.com"]
[Source "ChessBase"]
[SourceQuality "1"]
[TimeControl "40/5400+30:900+30"]

1. e4 e5 2. Nf3 Nc6 3. Bb5 Nf6 4. Nc3 Bc5 5. d3 d6 6. O-O Bg4 7. h3 h5 8. Bg5 Qd7 9. Bxc6 bxc6 10. Bxf6 gxf6 11. hxg4 hxg4 12. d4 gxf3 13. Qxf3 O-O-O 14. dxc5 Rdg8 15. Qf5 Qxf5 16. exf5 d5 17. f3 Rh7 18. Kf2 Rh2 19. Rg1 Rg5 20. Rh1 Rgxg2+ 21. Ke3 d4+ 22. Kd3 Rd2+ 23. Kc4 dxc3 24. Rxh2 Rxh2 25. Kxc3 Rf2 26. Rg1 Rxf3+ 27. Kd2 Rxf5 28. Rg7 Rf3 29. Rxf7 e4 30. Re7 f5 31. Ke2 Kb7 32. b4 Ra3 33. Re5 Rxa2 34. Kd2 Ka6 35. Rxf5 Kb5 36. Rf4 Kxb4 37. Rxe4+ Kxc5 38. Re3 Rb2 39. Rc3+ Kb5 40. Kc1 Rb4 41. Ra3 a5 42. c3 Ra4 43. Rb3+ Kc4 44. Kb2 Kd5 45. Rb7 Kd6 46. Ra7 Kc5 47. Rxc7 Kb6 48. Rc8 Kb7 49. Rf8 Re4 50. Rf1 c5 51. Ka3 Kc6 52. Kb3 Kb5 53. Rf8 a4+ 54. Ka3 Kc4 55. Kxa4 Kxc3+ 56. Kb5 c4 57. Rf3+ Kb2 58. Rf2+ Kc3 59. Rf3+ Kd4 60. Kb4 Kd5 61. Rf5+ Kd4 62. Rf3 Rh4 63. Rc3 1/2-1/2